 Dungeon Sprint DCSS version 0.23.2 (webtiles) character file.

Game seed: 14352068708479833876

4900000 Fang the Conqueror (level 22, -86/212 HPs)
             Began as a Demonspawn Gladiator on Apr 2, 2019.
             Was the Champion of Makhleb.
             Annihilated by a sculptor of flesh
             ... wielding a +9 great sword
              (177 damage)
             ... in the Dungeon (Sprint VIII: "Arena of Blood").
             The game lasted 00:00:41 (49 turns).

Fang the Conqueror (Demonspawn Gladiator)             Turns: 49, Time: 00:00:42

Health: -86/212    AC:  6    Str: 23    XL:     22   Next: 85%
Magic:  0/53       EV: 36    Int: 10    God:    Makhleb [******]
Gold:   0          SH:  0    Dex: 16    Spells: 75/75 levels left

rFire    . . .     SeeInvis +   l - +∞ Axe of Woe
rCold    . . .     Gourm    .   (shield currently unavailable)
rNeg     + . .     Faith    .   b - +0 leather armour
rPois    .         Spirit   +   (helmet unavailable)
rElec    .         Reflect  .   (no cloak)
rCorr    .         Harm     .   (no gloves)
MR       +....     NoTele   +   (no boots)
Stlth    ++++++++++             (no amulet)
HPRegen  0.45/turn              (no ring)
MPRegen  0.66/turn              (no ring)

@: repel missiles
A: antennae 3, repulsion field 3, negative energy resistance 1, nightstalker 2,
50% torment resistance, magic shield, magic regeneration, magic link
a: Minor Destruction, Lesser Servant of Makhleb, Major Destruction, Greater
Servant of Makhleb, Renounce Religion


You were in the Dungeon.
You worshipped Makhleb.
Makhleb was exalted by your worship.
You were not hungry.

You visited 1 branch

Inventory:

Hand Weapons
 a - a +0 war axe
 l - the +∞ Axe of Woe (weapon)
   (You found it in the Dungeon)
Missiles
 d - 3 throwing nets (quivered)
Armour
 b - a +0 leather armour (worn)
 c - a +0 helmet
Jewellery
 m - a +200 ring of slaying
 n - a +250 ring of slaying
Scrolls
 k - a scroll of blinking
Potions
 e - a potion of curing
 g - a potion of heal wounds
 h - a potion of haste
 i - 2 potions of magic
 j - a potion of berserk rage
Comestibles
 f - a ration


   Skills:
 O Level 27 Fighting
 O Level 27 Axes
 O Level 27 Throwing
 O Level 27 Armour
 O Level 27 Dodging
 O Level 27 Stealth
 O Level 27 Unarmed Combat
 O Level 27 Spellcasting
 O Level 27 Invocations


You had 75 spell levels left.
You didn't know any spells.
Your spell library was empty.

Dungeon Overview and Level Annotations

Branches:
Dungeon (1/1)

Altars:
Makhleb


Innate Abilities, Weirdness & Mutations

You have a pair of large antennae on your head. (SInv)
You are surrounded by a strong repulsion field. (EV +4, RMsl)
You resist negative energy. (rN+)
You are significantly more attuned to the shadows.
You are somewhat able to resist unholy torments (1 in 2 success).
When hurt, damage is shared between your health and your magic reserves.
You regenerate magic rapidly.
When low on magic, you restore magic in place of health.


Message History

The destroyer blinks!
You hear a shout! x2
The destroyer blinks!
You hear a shout!
You hear two shouts!
You hear a shout! x2
An orc, a two-headed ogre and a skeletal warrior come into view.
You hear a shout! x2; The large bag of meat shouts in stereo!
You hear a shout!
The meat berserker closely misses you.
You hear a shout! x5
A bag of meat comes into view. It is wielding a +9 war axe.
You hear a shout! x3
The bag of meat moves out of view.
A meat berserker comes into view. It is wielding a +9 battleaxe.
You hear a shout! x6
The meat berserker hits you with a +9 battleaxe!!!!
You hear a shout! x7
You hear a shout! x4
The destroyer blinks!
The sculptor of flesh hits you with a +9 great sword!!!!!
Ouch! That really hurt!
You die...

.....#.....
{...........
.............. ..
#........#... .#
{...#Oz.O.#... ..#
{#.o.O@.###... ..###.
{....oOo.o...###......
...z#o......._......
..#.oO....#)....#
....ooV§..#{.<._#
..#.).....#§)...#.
.{..#)..).°.)_......
.V..).)....§###......
......)###.))....###.


You could see a destroyer, 2 sculptors of flesh, a large bag of meat (inner
flame), 4 meat berserkers and 8 bags of meat.

Vanquished Creatures
  4 vampire knights (D)
  6 ogres (D)
  2 two-headed ogres (D)
  16 orcs (D)
  A skeletal warrior (D)
29 creatures vanquished.

Notes
Turn   | Place    | Note
-------+----------+-------------------------------------------
     0 | D        | Found the +∞ Axe of Woe
     0 | D        | Fang the Demonspawn Gladiator began the quest for the Orb.
     0 | D        | Reached XP level 1. HP: 16/16 MP: 1/1
     2 | D        | Noticed a bag of meat
     3 | D        | Noticed a bag of meat
     4 | D        | Became a worshipper of Makhleb the Destroyer
     6 | D        | Noticed a meat berserker
     6 | D        | Noticed a bag of meat
     7 | D        | Noticed a bag of meat
     7 | D        | Noticed a bag of meat
     8 | D        | Killed a bag of meat
     8 | D        | Gained mutation: You are surrounded by a mild repulsion
                  | field. (EV +2) [demonic ancestry]
     8 | D        | Reached XP level 2. HP: 43/43 MP: 2/2
     8 | D        | Reached XP level 3. HP: 49/49 MP: 3/3
     8 | D        | Reached XP level 4. HP: 56/56 MP: 4/4
     8 | D        | Reached XP level 5. HP: 62/62 MP: 5/5
     8 | D        | Gained mutation: You have a pair of small antennae on your
                  | head. [demonic ancestry]
     8 | D        | Reached XP level 6. HP: 69/69 MP: 6/6
     8 | D        | Gained mutation: You have a pair of antennae on your head.
                  | [demonic ancestry]
     8 | D        | Reached XP level 7. HP: 75/75 MP: 7/7
     8 | D        | Gained mutation: You are slightly more attuned to the
                  | shadows. [demonic ancestry]
     8 | D        | Reached XP level 8. HP: 82/82 MP: 8/8
     8 | D        | Gained mutation: You are significantly more attuned to the
                  | shadows. [demonic ancestry]
     8 | D        | Reached XP level 9. HP: 88/88 MP: 9/9
     8 | D        | Gained mutation: When hurt, damage is shared between your
                  | health and your magic reserves. [demonic ancestry]
     8 | D        | Reached XP level 10. HP: 95/95 MP: 10/10
     8 | D        | Reached XP level 11. HP: 101/101 MP: 11/11
     9 | D        | Killed a bag of meat
     9 | D        | Reached * piety under Makhleb
     9 | D        | Reached skill level 15 in Axes
     9 | D        | Reached skill level 15 in Throwing
     9 | D        | Reached skill level 15 in Dodging
     9 | D        | Gained mutation: You have a pair of large antennae on your
                  | head. (SInv) [demonic ancestry]
     9 | D        | Reached XP level 12. HP: 113/113 MP: 12/12
     9 | D        | Killed a meat berserker
     9 | D        | Gained mutation: You regenerate magic rapidly. [demonic
                  | ancestry]
     9 | D        | Reached XP level 13. HP: 125/125 MP: 13/13
     9 | D        | Gained mutation: You are surrounded by a moderate repulsion
                  | field. (EV +3) [demonic ancestry]
     9 | D        | Reached XP level 14. HP: 133/133 MP: 14/14
     9 | D        | Noticed a bag of meat
    11 | D        | Killed a bag of meat
    11 | D        | Noticed a bag of meat
    12 | D        | Noticed a bag of meat
    13 | D        | Killed a bag of meat
    13 | D        | Reached ** piety under Makhleb
    13 | D        | Gained mutation: You resist negative energy. (rN+) [demonic
                  | ancestry]
    13 | D        | Reached XP level 15. HP: 126/144 MP: 12/15
    13 | D        | Noticed a meat berserker
    14 | D        | Noticed a meat berserker
    17 | D        | Reached *** piety under Makhleb
    17 | D        | Gained mutation: You are surrounded by a strong repulsion
                  | field. (EV +4, RMsl) [demonic ancestry]
    17 | D        | Reached XP level 16. HP: 157/157 MP: 13/16
    18 | D        | Killed a meat berserker
    18 | D        | Reached **** piety under Makhleb
    18 | D        | Reached XP level 17. HP: 171/171 MP: 13/17
    19 | D        | Noticed a large bag of meat
    19 | D        | Killed a meat berserker
    19 | D        | Reached skill level 27 in Fighting
    19 | D        | Gained mutation: When low on magic, you restore magic in
                  | place of health. [demonic ancestry]
    19 | D        | Reached XP level 18. HP: 182/182 MP: 13/18
    19 | D        | Noticed a destroyer
    21 | D        | Reached skill level 27 in Axes
    21 | D        | Reached skill level 27 in Dodging
    22 | D        | Killed a large bag of meat
    22 | D        | Reached ***** piety under Makhleb
    22 | D        | Reached skill level 27 in Throwing
    22 | D        | Reached skill level 10 in Armour
    22 | D        | Reached skill level 10 in Unarmed Combat
    22 | D        | Reached skill level 10 in Spellcasting
    23 | D        | Noticed a destroyer
    25 | D        | Killed a destroyer
    25 | D        | Reached skill level 15 in Stealth
    25 | D        | Reached XP level 19. HP: 170/189 MP: 8/37
    25 | D        | Reached skill level 15 in Armour
    25 | D        | Reached skill level 15 in Unarmed Combat
    25 | D        | Reached skill level 15 in Spellcasting
    26 | D        | Noticed a large bag of meat
    27 | D        | Killed a destroyer
    27 | D        | Reached XP level 20. HP: 122/197 MP: 2/41
    29 | D        | Noticed a destroyer
    30 | D        | Killed a large bag of meat
    32 | D        | Noticed a meat berserker
    32 | D        | Noticed a destroyer
    34 | D        | Killed a meat berserker
    34 | D        | Reached skill level 27 in Invocations
    34 | D        | Gained mutation: You are somewhat able to resist unholy
                  | torments (1 in 2 success). [demonic ancestry]
    34 | D        | Reached XP level 21. HP: 159/204 MP: 4/45
    34 | D        | Reached ****** piety under Makhleb
    36 | D        | Killed a destroyer
    40 | D        | Killed a destroyer
    40 | D        | Reached XP level 22. HP: 212/212 MP: 9/50
    40 | D        | Reached skill level 27 in Stealth
    41 | D        | Noticed a destroyer
    42 | D        | Noticed a destroyer
    43 | D        | Reached skill level 27 in Armour
    43 | D        | Reached skill level 27 in Unarmed Combat
    43 | D        | Reached skill level 27 in Spellcasting
    47 | D        | Noticed a large bag of meat
    49 | D        | Annihilated by a sculptor of flesh

Skill      XL: |  1  2  3  4  5  6  7  8  9 10 11 12 13 14 15 16 17 18 19 20 21 22 |
---------------+-------------------------------------------------------------------+-----
Fighting       | 14 16 19 21 23 26 27 | 27.0
Axes           | 13 15 18 19 22 24 26 27 | 27.0
Throwing       | 13 15 18 19 21 24 26 27 | 27.0
Dodging        | 13 15 18 19 22 24 26 27 | 27.0
Armour         | 13 17 20 24 27 | 27.0
Stealth        | 15 18 22 26 27 | 27.0
Unarmed Combat | 13 17 20 24 27 | 27.0
Spellcasting   | 14 17 20 24 27 | 27.0
Invocations    | 18 23 27 | 27.0

Action                   |  1- 3 |  4- 6 |  7- 9 | 10-12 | 13-15 | 16-18 | 19-21 | 22-24 || total
-------------------------+-------+-------+-------+-------+-------+-------+-------+-------++-------
Melee: Executioner's axe |     1 |       |       |     1 |     4 |     5 |     6 |     2 ||    19
Dodge: Dodged            |       |       |       |       |     3 |       |       |     2 ||     5
